 Dungeon Crawl Stone Soup version 0.19-a0-1058-g5566a1a (webtiles) character file.

729 Jmtri7 the Changer (level 7, -2/51 HPs)
             Began as an Octopode Transmuter on Aug 2, 2016.
             Slain by Grinder (6 damage)
             ... on level 4 of the Dungeon.
             The game lasted 00:13:10 (5663 turns).

Jmtri7 the Changer (Octopode Transmuter)            Turns: 5663, Time: 00:13:10

Health: -2/51      AC:  2    Str: 11    XL:     7   Next: 73%
Magic:  8/10       EV: 14    Int: 16    God:
Gold:   226        SH:  0    Dex: 17    Spells: 2 memorised, 6 levels left

rFire  . . .     SeeInvis .       - Unarmed
rCold  + . .     Gourm    .     (shield currently unavailable)
rNeg   . . .     Faith    .     (helmet currently unavailable)
rPois  x         Spirit   .     (no amulet)
rElec  .         Dismiss  .     m - ring of protection from cold
rCorr  .         Reflect  .     (no ring)
SustAt .         Harm     .     (no ring)
MR     .....                    (no ring)
Stlth  ++........               (no ring)
                                (no ring)
                                (no ring)
                                (no ring)

@: spider-form, not resistant to hostile enchantments, unstealthy
A: almost no armour, (amphibious), 8 rings, (constrict 8), (camouflage 0),
(gelatinous body 0)
a: End Transformation


You were on level 4 of the Dungeon.
You were hungry.
You were a venomous arachnid creature.
You visited 1 branch of the dungeon, and saw 5 of its levels.

You collected 226 gold pieces.

Inventory:

Hand Weapons
 p - a +1 hand axe of freezing (melded)
 t - a +1 short sword of electrocution
Missiles
 a - 91 arrows
Jewellery
 m - a ring of protection from cold (left front leg)
Scrolls
 e - 2 scrolls of amnesia {unknown}
 g - 9 scrolls of identify {unknown}
 q - 3 scrolls of remove curse {unknown}
 r - a scroll of noise {unknown}
 s - a scroll of magic mapping {unknown}
 u - a scroll of fear {unknown}
 y - a scroll of enchant armour {unknown}
Potions
 d - a potion of agility {unknown}
 f - 3 potions of curing {unknown}
 h - 3 potions of lignification {unknown}
 i - a potion of berserk rage {unknown}
 k - a potion of brilliance {unknown}
 n - a potion of heal wounds {unknown}
 o - a potion of might {unknown}
Books
 b - a book of Changes

   Spells                             Type                      Level
   a - Beastly Appendage              Transmutation                1
   b - Sticks to Snakes               Transmutation                2
   c - Spider Form                    Transmutation/Poison         3
   d - Ice Form                       Ice/Transmutation            4
   e - Blade Hands                    Transmutation                5
Comestibles
 c - 2 bread rations
 j - 3 fruits
 l - 2 royal jellies
 v - 2 meat rations
 w - a beef jerky


   Skills:
 - Level 5.9 Fighting
 - Level 2.0 Dodging
 - Level 3.0 Unarmed Combat
 - Level 2.0 Spellcasting
 + Level 6.0 Transmutations


You had 6 spell levels left.
You knew the following spells:

 Your Spells              Type           Power        Failure   Level  Hunger
a - Beastly Appendage     Tmut           ###...       6%          1    #......
b - Spider Form           Tmut/Pois      ##........   36%         3    ###....


Dungeon Overview and Level Annotations

Branches:
Dungeon (5/15)
 Temple: D:4-7

Altars:
Gozag
Xom
Yredelemnul

Annotations:
D:4 Grinder


Innate Abilities, Weirdness & Mutations

You cannot wear most types of armour.
((You are amphibious.))
You can wear up to eight rings at the same time.
((You can use your tentacles to constrict eight enemies at once.))
((Your skin changes colour to match your surroundings (Stealth+).))
((Your rubbery body absorbs attacks. (AC +1, EV +1)))


Message History

Grinder gestures at you. Pain shoots through your body!
You hit Grinder.
Grinder is moderately wounded.
Grinder gestures at you. Pain shoots through your body!
* * * LOW HITPOINT WARNING * * *
You hit Grinder but do no damage.
Grinder is moderately wounded.
Grinder gestures at you.
You struggle to resist.
You closely miss Grinder.
Grinder is moderately wounded.
Grinder hits you.
* * * LOW HITPOINT WARNING * * *
You writhe in agony.
* * * LOW HITPOINT WARNING * * *
There is a stone staircase leading down here.
Grinder hits you.
You die...

...?..........# ..! #.<.
........(..# .[.. #...
#........# ##...# #...
#.......##....# ##...
#............# #(.<#
##...........# ##..(#
##...........## #..)##
#..........5.# ##..##
#....##.....s## ##..##
#....# #......# ##..##
#....# ##......# ##..##
....# #.......## ##..##
...# ##........#####..##
. ..# ##...........#...##
....####.....###...[...##
.......<....## ###+###.#
...........## #.#


You could see Grinder.

Vanquished Creatures
  The ghost of Snikeer the Digger, an amateur SpEE (D:4)
  The ghost of Jmtri7 the Skirmisher, an amateur OpTm (D:3)
  A scorpion (D:4)
  A hound (D:4)
  3 orc priests (D:3)
  4 orc wizards (D:3)
  A jelly (D:3)
  Natasha (thrice) (D:2)
  3 adders
  An ooze (D:3)
  4 worms
  2 dart slugs
  5 giant geckos
  24 orcs
  9 bats
  4 giant cockroaches (D:2)
  8 hobgoblins
  6 jackals
  9 kobolds
  2 quokkas (D:3)
  A ball python (D:2)
  A ball python skeleton (D:3)
  2 giant newts
  6 goblins
  7 rats
  A spectral orc (D:3)
110 creatures vanquished.

Notes
Turn   | Place    | Note
-------+----------+-------------------------------------------
     0 | D:1      | Jmtri7 the Octopode Transmuter began the quest for the Orb.
     0 | D:1      | Reached XP level 1. HP: 13/13 MP: 3/3
   274 | D:1      | Reached XP level 2. HP: 7/19 MP: 5/5
   967 | D:2      | Reached XP level 3. HP: 24/25 MP: 6/6
  1058 | D:2      | Noticed Natasha
  1065 | D:2      | Killed Natasha
  1369 | D:2      | Found an opulent altar of Gozag.
  1469 | D:2      | Reached XP level 4. HP: 33/33 MP: 7/7
  1547 | D:2      | Noticed Natasha
  1556 | D:2      | Killed Natasha
  2111 | D:3      | Reached XP level 5. HP: 25/38 MP: 8/8
  2120 | D:3      | Learned a level 3 spell: Spider Form
  2224 | D:3      | Noticed Jmtri7's ghost (amateur OpTm)
  2275 | D:3      | HP: 1/38 [giant cockroach (2)]
  2541 | D:2      | Noticed Natasha
  2544 | D:2      | Killed Natasha
  2544 | D:2      | Reached skill level 5 in Fighting
  2576 | D:3      | Killed Jmtri7's ghost
  2576 | D:3      | Reached XP level 6. HP: 9/46 MP: 2/9
  2870 | D:3      | Found a shimmering altar of Xom.
  3121 | D:3      | Reached skill level 3 in Transmutations
  3736 | D:3      | Found a basalt altar of Yredelemnul.
  3930 | D:3      | Reached skill level 4 in Transmutations
  3930 | D:3      | Reached XP level 7. HP: 16/51 MP: 10/10
  3949 | D:4      | Noticed Snikeer's ghost (amateur SpEE)
  5352 | D:4      | Killed Snikeer's ghost
  5352 | D:4      | Reached skill level 5 in Transmutations
  5374 | D:4      | Reached skill level 6 in Transmutations
  5524 | D:4      | Noticed Grinder
  5535 | D:5      | Entered Level 5 of the Dungeon
  5639 | D:4      | Paralysed by Grinder for 2 turns
  5643 | D:4      | Paralysed by Grinder for 5 turns
  5663 | D:4      | Slain by Grinder

Vault maps used:
D:1:      sevenhm_arrival_forest_fort_small_3, minmay_misc_feat_room
D:2:      grunt_gozag_breadcrumbs, uniq_natasha
D:3:      yredelemnul_forgotten_temple_becter, overflow_temple_1_default,
          first_bread, corexii_item_surrounded_by_moat,
          nicolae_underground_beach
D:4:      gammafunk_pakellas_spire_experiment, lemuel_crystal_altar,
          kennysheep_little_box, uniq_grinder
D:5:      serial_shops, nicolae_shop_statue_plus,
          nicolae_shop_temple_entry_statues_fountains, shop, shop,
          nicolae_shop_behind_doors, nemelex_xobeh_ov_fountains_minmay

Skill      XL: |  1  2  3  4  5  6  7 |
---------------+----------------------+-----
Fighting       | 2 3 4 5 |  5.9
Transmutations | 4 6 |  6.0
Dodging        | |  2.0
Unarmed Combat | |  3.0
Spellcasting   | |  2.0

Action                   |  1- 3 |  4- 6 |  7- 9 || total
-------------------------+-------+-------+-------++-------
Melee: Unarmed           |    61 |    33 |    26 ||   120
       Constrict         |    16 |    30 |    14 ||    60
       Tentacles         |    11 |    19 |     9 ||    39
       Hand axe          |       |   100 |    52 ||   152
 Cast: Spider Form       |       |     1 |     2 ||     3
 Stab: Sleeping          |     5 |     7 |     2 ||    14
  Eat: Chunk             |     2 |     8 |     5 ||    15
Armor: Skin              |     9 |    12 |     7 ||    28
Dodge: Dodged            |    36 |   100 |    70 ||   206
